 Dungeon Crawl Stone Soup version 0.21.1-1-g345015f (webtiles) character file.

2009 Fang the Chopper (level 9, -5/56 HPs)
             Began as a Gargoyle Berserker on May 31, 2018.
             Was an Elder of Trog.
             Slain by an orc warrior
             ... wielding a +0 morningstar
              (12 damage)
             ... on level 6 of the Dungeon.
             The game lasted 00:07:56 (5415 turns).

Fang the Chopper (Gargoyle Berserker)               Turns: 5415, Time: 00:07:56

Health: -5/56      AC: 16    Str: 25    XL:     9   Next: 22%
Magic:  9/9        EV: 14    Int:  7    God:    Trog [****..]
Gold:   232        SH:  0    Dex:  9    Spells: 8/8 levels left

rFire    . . .     SeeInvis .   a - +0 hand axe
rCold    . . .     Gourm    +   (no shield)
rNeg     + + .     Faith    .   y - +1 robe {rN+}
rPois    ∞         Spirit   .   (no helmet)
rElec    +         Reflect  .   e - +1 cloak
rCorr    .         Harm     .   (no gloves)
MR       .....                  (no boots)
Stlth    +++.......             B - amulet of the gourmand
HPRegen  0.18/turn              f - ring of stealth
MPRegen  0.11/turn              D - +5 ring of protection

@: berserk cooldown, slowed, very slow
A: negative energy resistance 1, electricity resistance, unbreathing,
petrification resistance, rot immunity, AC +6
a: Berserk, Trog's Hand, Brothers in Arms, Burn Spellbooks, Renounce Religion


You were on level 6 of the Dungeon.
You worshipped Trog.
Trog was greatly pleased with you.
You were not hungry.

You visited 2 branches of the dungeon, and saw 7 of its levels.
You also visited: Sewer.

You collected 232 gold pieces.

Inventory:

Hand Weapons
 a - a +0 hand axe (weapon)
Missiles
 z - 8 javelins (quivered)
Armour
 b - a +0 animal skin
 e - a +1 cloak (worn)
 y - a +1 robe of positive energy (worn)
Jewellery
 f - a ring of stealth (left hand)
 p - an uncursed ring of stealth
 q - an uncursed ring of fire
 B - an amulet of the gourmand (around neck)
 D - a +5 ring of protection (right hand)
Wands
 A - a wand of random effects (18)
 C - a wand of flame (33)
Scrolls
 d - 2 scrolls of enchant armour {unknown}
 g - a scroll of blinking {unknown}
 h - 7 scrolls of identify {unknown}
 k - 5 scrolls of fog {unknown}
 n - 2 scrolls of teleportation {unknown}
 o - 4 scrolls of amnesia {unknown}
 r - a scroll of noise {unknown}
 v - 2 scrolls of fear {unknown}
 w - a scroll of enchant weapon {unknown}
 x - a scroll of remove curse {unknown}
Potions
 i - a potion of degeneration {unknown}
 j - 2 potions of magic {unknown}
 l - 3 potions of brilliance {unknown}
 m - 5 potions of heal wounds {unknown}
 s - 2 potions of flight {unknown}
 t - 2 potions of agility {unknown}
 u - a potion of might {unknown}
Comestibles
 c - 8 rations


   Skills:
 + Level 6.6 Fighting
 + Level 7.8 Axes
 + Level 2.3 Armour
 + Level 5.3 Dodging
 + Level 3.2 Stealth


You had 8 spell levels left.
You didn't know any spells.

Dungeon Overview and Level Annotations

Branches:
Dungeon (6/15)             Temple (1/1) D:5

Altars:
Ashenzari
Cheibriados
Dithmenos
Elyvilon
Fedhas
Gozag
Kikubaaqudgha
Makhleb
Nemelex Xobeh
Okawaru
Qazlal
Ru
Sif Muna
Trog
Uskayaw
Vehumet
Wu Jian
Xom
Yredelemnul
The Shining One


Innate Abilities, Weirdness & Mutations

You are resistant to torment.
Your stone body is resilient. (AC +6)
You are immune to poison.
You resist negative energy. (rN+)
You are resistant to electric shocks. (rElec)
You can survive without breathing.
You are immune to petrification.
You are immune to rotting.


Message History

The orc warrior is almost dead.
The orc hits you but does no damage.
The orc warrior hits you with a morningstar.
* * * LOW HITPOINT WARNING * * *
You barely miss the orc warrior.
The orc warrior is almost dead.
The orc barely misses you.
The orc warrior hits you with a morningstar.
* * * LOW HITPOINT WARNING * * *
The orc barely misses you.
You closely miss the orc warrior.
The orc warrior is almost dead.
The orc warrior misses you. The orc closely misses you.
You hit the orc warrior but do no damage.
The orc warrior is almost dead.
The orc warrior closely misses you. The orc misses you.
Unknown command.
You eat one of the 9 rations.
That ration really hit the spot!
The orc warrior hits you with a morningstar!
You die...

# # ## .. # .# .# # ..
.# # . # .###.#.# .. #
....#.#... # #.........
# #.o)o.....
#.#############.@#####..
#................#Z?(#..
########...####..#[[$#..
.................#?%)#..
########...####..#####..
#...# #......... #####
#......... #####.....
...


You could see an orc warrior, an orc and a bullfrog zombie.

Vanquished Creatures
  Pikel (D:4)
  Sigmund (D:4)
  Menkaure (D:5)
  3 sky beasts
  3 centaurs (D:5)
  A big kobold (Sewer)
  A bullfrog (D:6)
  2 scorpions (D:5)
  2 crimson imps (D:5)
  A hound (D:5)
  An orc priest (D:3)
  Crazy Yiuf (D:4)
  A bullfrog skeleton (D:4)
  An orc wizard (D:3)
  3 worker ants
  Robin (D:3)
  7 adders
  A river rat (D:3)
  3 oozes
  2 adder skeletons
  2 worms (D:2)
  A dart slug (D:3)
  3 leopard geckos
  16 orcs
  11 bats
  10 giant cockroaches
  12 goblins
  13 hobgoblins
  7 jackals
  A quokka (D:3)
  4 ball pythons
  5 frilled lizards
  A jackal skeleton (D:5)
  17 kobolds
  8 rats
148 creatures vanquished.

Notes
Turn   | Place    | Note
-------+----------+-------------------------------------------
     0 | D:1      | Fang the Gargoyle Berserker began the quest for the Orb.
     0 | D:1      | Reached XP level 1. HP: 14/14 MP: 1/1
   308 | D:1      | Reached XP level 2. HP: 19/19 MP: 2/2
   344 | D:1      | Reached skill level 3 in Axes
   899 | D:2      | Reached XP level 3. HP: 11/23 MP: 3/3
  1097 | D:2      | Reached ** piety under Trog
  1489 | D:2      | Reached XP level 4. HP: 26/29 MP: 4/4
  1724 | D:2      | Reached skill level 1 in Stealth
  1806 | D:2      | Found a sacrificial altar of Ru.
  2145 | D:3      | Reached skill level 4 in Axes
  2145 | D:3      | Reached XP level 5. HP: 28/33 MP: 5/5
  2237 | D:3      | Found a sparkling altar of Nemelex Xobeh.
  2260 | D:3      | Noticed Robin
  2275 | D:3      | Killed Robin
  2275 | D:3      | Reached *** piety under Trog
  2629 | D:3      | Found a glowing drain.
  2633 | Sewer    | Entered a sewer
  2687 | Sewer    | Reached XP level 6. HP: 39/39 MP: 6/6
  3087 | D:4      | Noticed a slave
  3094 | D:4      | Noticed Pikel
  3097 | D:4      | Noticed a slave
  3098 | D:4      | Noticed a slave
  3101 | D:4      | Noticed a slave
  3104 | D:4      | Killed Pikel
  3104 | D:4      | Reached skill level 5 in Fighting
  3104 | D:4      | Reached skill level 5 in Axes
  3104 | D:4      | Reached XP level 7. HP: 28/44 MP: 7/7
  3379 | D:4      | Reached **** piety under Trog
  3414 | D:4      | Found a bloodstained altar of Trog.
  3422 | D:4      | Reached XP level 8. HP: 44/49 MP: 8/8
  3465 | D:4      | Noticed Sigmund
  3475 | D:4      | Killed Sigmund
  3475 | D:4      | Reached skill level 6 in Axes
  3602 | D:4      | Found a runed door.
  4159 | D:4      | Noticed Crazy Yiuf
  4170 | D:4      | Killed Crazy Yiuf
  4208 | D:5      | Entered Level 5 of the Dungeon
  4603 | D:5      | Found a staircase to the Ecumenical Temple.
  4622 | D:5      | Reached skill level 7 in Axes
  4642 | Temple   | Entered the Ecumenical Temple
  4812 | D:5      | Noticed Menkaure
  4821 | D:5      | Reached skill level 5 in Dodging
  4824 | D:5      | Killed Menkaure
  4824 | D:5      | Reached XP level 9. HP: 56/56 MP: 9/9
  5005 | D:5      | Found a basalt altar of Yredelemnul.
  5373 | D:6      | Found the +3 hat of Pondering {ponderous, MR+ MP+10 Int+5}
  5415 | D:6      | Slain by an orc warrior

Skill      XL: |  1  2  3  4  5  6  7  8 |
---------------+-------------------------+-----
Axes           | 3 4 5 7 |  7.8
Dodging        | 2 4 5 |  5.3
Stealth        | 1 2 3 |  3.2
Fighting       | 4 5 6 |  6.6
Armour         | |  2.3

Action                   |  1- 3 |  4- 6 |  7- 9 || total
-------------------------+-------+-------+-------++-------
Melee: Hand axe          |   123 |   226 |   257 ||   606
Invok: Berserk           |     2 |     3 |     4 ||     9
 Stab: Sleeping          |     2 |       |     1 ||     3
  Eat: Chunk             |     3 |     8 |     7 ||    18
       Ration            |       |       |     2 ||     2
Armor: Animal skin       |    59 |   106 |     5 ||   170
       Robe              |       |       |   100 ||   100
Dodge: Dodged            |   109 |   181 |   163 ||   453
